Cogmind - Beta 14 @@@ ROGUE MODE // 2024.08.22 @ 08:55:01 Player: DZKane Result: Core destroyed Performance ------------- Evolutions (0) 0 Regions Visited (1) 200 Robots Destroyed (7) 35 Value Destroyed (177) 177 Prototype IDs (0) 0 Alien Tech Used (0) 0 Bonus (0) 0 TOTAL SCORE: 412 Bonus ------- None Cogmind --------- Core Integrity 0/250 Matter 300/300 Energy 13/250 System Corruption 0% Temperature Critical (561) Movement Rolling (100) Location -10/Materials Parts ------- > --- POWER (1) -------- Ion Engine > --- PROPULSION (2) --- Compact Wheel > --- UTILITY (2) ------ Improved Heat Sink > --- WEAPON (2) ------- Particle Gun Particle Gun > --- INVENTORY (5) ---- Small Laser Peak State ------------ > --- POWER ------------ Ion Engine > --- PROPULSION ------- Compact Wheel > --- UTILITY ---------- Improved Heat Sink Visual Processing Unit > --- WEAPON ----------- Particle Gun Particle Gun > --- INVENTORY -------- Small Laser [Rating: 11] Favorites ----------- Power Light Ion Engine Engine Light Ion Engine Propulsion Compact Wheel Wheel Compact Wheel Utility Small Storage Unit Device Improved Heat Sink Storage Small Storage Unit Processor Visual Processing Unit Weapon Particle Gun Energy Gun Particle Gun Ballistic Gun Assault Rifle Build | -11 -10 ------- Run | Yrd Mat Slots Evolved . | . . Power . | . . Propulsion . | . . Utility . | . . Weapon . | . . Parts Attached 16 | 8 8 Power 2 | 1 1 Engine 2 | 1 1 Core . | . . Reactor . | . . Propulsion 3 | 2 1 Treads . | . . Leg . | . . Wheel 3 | 2 1 Hover . | . . Flight . | . . Utility 4 | 2 2 Device 1 | . 1 Storage 2 | 2 . Processor 1 | . 1 Hackware . | . . Protection . | . . Artifact . | . . Weapon 7 | 3 4 Energy Gun 6 | 2 4 Energy Cannon . | . . Ballistic Gun 1 | 1 . Ballistic Cannon . | . . Launcher . | . . Special Weapon . | . . Impact Weapon . | . . Slashing Weapon . | . . Piercing Weapon . | . . Special Melee Weapon . | . . Unidentified Prototypes . | . . Parts Lost 4 | . 4 Power 1 | . 1 Propulsion 2 | . 2 Utility . | . . Weapon 1 | . 1 Highest Loss Streak 4 | . 4 To Critical Strikes . | . . Average Slot Usage (%) 92 | . 92 Engine 12 | . 12 Wheel 23 | . 23 Storage 13 | . 13 Processor 12 | . 12 Energy Gun 28 | . 28 Peak Build Rating 11 | 7 11 Average Rating 8 | 4 9 On Entrance 3 | . 6 Naked Turns . | . . Heaviest Build 16 | 12 16 Greatest Support 26 | 26 26 Greatest Overweight (x) 2 | . 2 Average Overweight (x) . | . . Largest Inventory Capacity 8 | 8 8 Average Capacity 7 | 6 7 Most Carried 5 | 3 5 Average Carried 3 | 1 4 Final Capacity 8 | 8 5 Final Carried 2 | 2 1 Class Distribution -------------------- 100% | Mutant Dominant Class ---------------- Mutant | -10/Materials Resources | -11 -10 ----------- Run | Yrd Mat Matter Collected 419 | 272 147 Remotely . | . . Salvage Created 325 | 84 241 Parts 10 | 2 8 Haulers Intercepted . | . . Recyclers Shooed . | . . Parts Field Recycled . | . . Retrieved Matter . | . . Parts Self-Destructed . | . . Prevented . | . . Kills | -11 -10 ------- Run | Yrd Mat Combat Hostiles Destroyed 4 | . 4 Guns 4 | . 4 Classes Destroyed 3 | 1 2 Recycler 2 | 1 1 Watcher 1 | . 1 Grunt 4 | . 4 Best Kill Streak 4 | 1 4 Combat Bots Only 4 | . 4 Max Kills in Single Turn 1 | 1 1 Gunslinging . | . . Exploded . | . . Melee . | . . Uniques/NPCs Destroyed . | . . Combat | -11 -10 -------- Run | Yrd Mat Hostile Shots Fired 34 | . 34 Missed 2 | . 2 Damage Taken 489 | 6 483 Core 258 | 5 253 Absorbed by Shields . | . . Core Remaining (%) 98 | 98 . Volleys Fired 20 | 3 17 Largest 2 | 2 2 Hottest 130 | 60 130 Shots Fired 40 | 6 34 Gun 40 | 6 34 Cannon . | . . Launcher . | . . Special . | . . Kinetic 3 | 3 . Thermal 34 | . 34 Explosive . | . . Electromagnetic 3 | 3 . Robot Hit Streak 9 | 2 9 Robot Miss Streak 3 | 1 3 Penetration Max . | . . Secondary Targets . | . . Shots Hit Robots 26 | 3 23 Core Hits 10 | 1 9 Critical Kills . | . . Critical Parts Destroyed . | . . Critical Strikes 1 | . 1 Burn 1 | . 1 Melee Attacks . | . . Impact . | . . Slashing . | . . Piercing . | . . Sneak Attacks . | . . Combat Hostiles . | . . Follow-up Attacks . | . . Damage Inflicted 419 | 41 378 Guns 417 | 39 378 Cannons . | . . Explosions . | . . Melee . | . . Ramming 2 | 2 . Kinetic 24 | 24 . Thermal 378 | . 378 Explosive . | . . Electromagnetic 15 | 15 . Impact . | . . Slashing . | . . Piercing . | . . Highest Corruption . | . . Average Corruption . | . . Corruption Purged . | . . Corruption Blocked . | . . Overload Shots . | . . Overflow Damage . | . . Projectiles . | . . Explosions . | . . Melee . | . . Knockbacks . | . . Impact . | . . Kinetic . | . . Secondary . | . . Self-Inflicted Damage 1 | 1 . Shots . | . . Rammed 2 | 2 . Targets Rammed 2 | 2 . Kicked . | . . Crushed . | . . Highest Temperature 790 | . 790 Average Temperature 333 | . 333 Received Heat Transfer 225 | . 225 Effects 24 | . 24 Shutdowns 1 | . 1 Energy Bleed 1 | . 1 Interference 4 | . 4 Matter Decay 1 | . 1 Short Circuit 3 | . 3 Damage (minor) 4 | . 4 Damage (major) 7 | . 7 Damage (core) 3 | . 3 Siege Activations . | . . Robots Corrupted . | . . Combat Hostiles . | . . Parts Fried . | . . Impact Corruptions . | . . Robots Melted . | . . Combat Hostiles . | . . Parts Melted 3 | . 3 Heat Transferred 925 | . 925 Parts Sabotaged . | . . Parts Stolen . | . . Parts Stripped . | . . Power Chain Reactions . | . . Alert | -11 -10 ------- Run | Yrd Mat Peak Influence 135 | 5 135 Initial 3 | . 3 Average 49 | 2 64 Maximum Alert Level . | . . Low Security (%) 100 | 100 100 Level 1 . | . . Level 2 . | . . Level 3 . | . . Level 4 . | . . Level 5 . | . . High Security . | . . Max Security . | . . Squads Dispatched . | . . Investigation . | . . Extermination . | . . Reinforcement . | . . Assault . | . . Garrison . | . . Intercept . | . . Searches Triggered . | . . Construction Impeded . | . . Haulers Reinforced . | . . Active Scanning Responses . | . . Cargo Convoy Interrupts . | . . Stealth | -11 -10 --------- Run | Yrd Mat Distress Signals 1 | . 1 Communications Jammed . | . . Distress Signals . | . . Times Spotted 7 | . 7 Peak Tracking Total 5 | . 5 Tactical Retreats . | . . Traps | -11 -10 ------- Run | Yrd Mat Traps Triggered . | . . Indirectly . | . . Trap Hack Attempts . | . . Triggered . | . . Disarmed . | . . Reprogrammed . | . . Reused . | . . Traps Extracted . | . . Installed . | . . Triggered . | . . Machines | -11 -10 ---------- Run | Yrd Mat Machines Disabled . | . . Max in Single Turn . | . . Machines Repaired . | . . Machines Dismantled . | . . Machines Sabotaged . | . . Overloaded Fab Kills . | . . Hacking | -11 -10 --------- Run | Yrd Mat Machines Accessed 4 | . 4 Terminals 4 | . 4 Fabricators . | . . Repair Stations . | . . Recycling Units . | . . Scanalyzers . | . . Garrison Access . | . . Total Hacks 11 | . 11 Successful 4 | . 4 Failed 7 | . 7 Catastrophic . | . . Database Lockouts . | . . Manual 11 | . 11 Terminals 11 | . 11 Fabricators . | . . Repair Stations . | . . Recycling Units . | . . Scanalyzers . | . . Garrison Access . | . . Terminal Hacks 4 | . 4 Robot Analysis 4 | . 4 Fabricator Hacks . | . . Repair Station Hacks . | . . Recycling Unit Hacks . | . . Scanalyzer . | . . Garrison Access Hacks . | . . Unauthorized Hacks . | . . Terminals . | . . Fabricators . | . . Repair Stations . | . . Recycling Units . | . . Scanalyzers . | . . Garrison Access . | . . Data Cores Recovered . | . . Used . | . . Hacking Detections 3 | . 3 Full Trace Events 1 | . 1 Feedback Events . | . . Feedback Blocked . | . . Robot Schematics Acquired . | . . Robots Built . | . . Authchips . | . . Time . | . . Total Robot Build Rating . | . . Part Schematics Acquired . | . . Parts Built . | . . Authchips . | . . Time . | . . Total Part Build Rating . | . . Parts Repaired . | . . Time . | . . Parts Recycled . | . . Recycled Matter . | . . Retrieved Matter . | . . Retrieved Components . | . . Parts Scanalyzed . | . . Part Schematics Acquired . | . . Parts Damaged . | . . Bothacking | -11 -10 ------------ Run | Yrd Mat Used RIF Installer . | . . Robots Hacked . | . . Non-combat . | . . Combat . | . . Robot Hacks Applied . | . . Relay Couplers Released . | . . Fabnet Peak Effective % . | . . Robots Rewired . | . . Allies Hacked . | . . Hacks Repelled . | . . Allies | -11 -10 -------- Run | Yrd Mat Total Allies . | . . Largest Group . | . . Highest-Rated Group . | . . Highest-Rated Ally . | . . Total Orders . | . . Ally Attacks . | . . Total Damage . | . . Kills . | . . Allies Corrupted . | . . Allies Melted . | . . Intel | -11 -10 ------- Run | Yrd Mat Robot Analysis Total 4 | . 4 Derelict Logs Recovered . | . . Drone Launches . | . . Drone Recoveries . | . . Exploration | -11 -10 ------------- Run | Yrd Mat Turns Passed 258 | 62 196 Spaces Moved 173 | 42 131 Core 4 | 3 1 Treads . | . . Legs . | . . Wheels 169 | 39 130 Hover . | . . Flight . | . . Fastest Speed 50 | 50 90 Average Speed 89 | 84 90 Slowest Speed 150 | 90 150 Overloaded Moves . | . . Propulsion Burnouts . | . . Robots Hopped . | . . Cave-ins Triggered . | . . Exploration Rate (%) 16 | 4 28 Regions Visited 1 Branch Regions . Pre-discovered Areas . | . . Known Exits Taken . | . . Unknown Exits Taken 1 | 1 . Scrap Searched . | . . Spaces Dug . | . . Terrain Destroyed . | . . Melee . | . . Projectile . | . . AOE . | . . Terrain Rammed . | . . Walls Destroyed . | . . Machines Disabled . | . . Actions | -11 -10 --------- Run | Yrd Mat Total 234 | 59 175 Wait 13 | . 13 Move 172 | 41 131 Hop . | . . Pick Up 5 | 3 2 Fast Attach 10 | 7 3 Attach 5 | 1 4 Detach . | . . Swap 1 | . 1 Drop 6 | 2 4 Fire 20 | 3 17 Melee . | . . Ram 2 | 2 . Kick . | . . Crush . | . . Escape Stasis . | . . Rewire . | . . Trap . | . . Miscellaneous . | . . Route ------- -11/Scrapyard -10/Materials History --------- Turn | Location | Event 2 | -11/Scrapyard | Met Revision 17 8 | -11/Scrapyard | Discovered new exit (range 15) 63 | -11/Scrapyard | Entered Materials 234 | -10/Materials | Core integrity fell below 50% 248 | -10/Materials | Core integrity fell below 20% 260 | -10/Materials | Core destroyed Last Messages --------------- 00249_ Broken Com. Wheel destroyed. 00251_ Ion Engine melted. 00251_ G-34 Mercenary destroyed. 00251_ K-01 Serf collects debris. 00253_ Overheating: Sml. Storage Unit damaged (-2). 00254_ K-01 Serf collects debris. 00256_ Power failure, Ion Engine shutdown. 00256_ Dropped Sml. Storage Unit. 00256_ Acquired Imp. Heat Sink. 00257_ Visual Processing Unit broken. 00257_ Overheating: Short circuit. 00258_ Overheating: Particle Gun damaged (-25). 00258_ Discarded Broken Visual Processing Unit. 00259_ Overheating: System interference. 00259_ Imp. Heat Sink temporarily disabled. 00259_ Particle Gun temporarily disabled. 00259_ Imp. Heat Sink temporarily disabled. 00259_ Acquired 30 matter. 00260_ Overheating: Core damaged (-42). Map ----- +----------------------------------------------------+ | ??# """#?### #???# /! """ !#?? | | ??# ""###T#+##### /! """ !#? | | ??# """## # """ !#? | | ??# " ## # !#? | | ??# ## """ # !#? | | ??######## """"" # !#?? | | ?????????# """"" + #????? | | ?????????# """"" # #????? | | ?????????# """ # #????? | | ?????????# ###+#########+##????? | | ?????????# # #?????????? | | ?????????###+###### #?????????? | | ???????????? ?????# """"" #?????????? | | ???????????? ?????# """"" #?????????? | | ??????????????????# """"" #?????????? | | ?????? ###### #?????????? | | ??????? + ] #?????????? | | ???????????#/###### #?????????? | | ??????????????????##/##/#####?????????? | | ???????????????????# #?????????????? | | ???????????????????# ########??????? | | ???????????????????# # #??????? | | ???????????????????# # #??????? | | ???????????????????#### # #??????? | | ??????????????????????# # = #??????? | | ??????????????????????# #@==k #??????? | | ??????????????????????# #=! [ #??????? | | ??????????????????????# #+######??????? | | ????????????????????# # #??????? | | ????????????????????# #??????? | | ????????????????????# # #??????? | | ????????????????????#####+## #??????? | | ???????????????????????????? #??????? | | ????????????????????????????? #??????? | | ????????????????????????????? #??????? | | ?????????????????????????????? +??????? | | ???????????????????????????????#??????? | | ??????????????????????????????????????? | | ??????????????????????????????????????? | | ??????????????????????????????????????? | | ??????????????????????????????????????? | | ??????????????????????????????????????? | | ??????????????????????????????????????? | | ??????????????????????????????????????? | | ??????????????????????????????????????? | | ??????????????????????????????????????? | | ??????????????????????????????????????? | | | | | | | +----------------------------------------------------+ Best States ------------- Heat Dissipation 25 Energy Generation 10 Energy Capacity 250 Matter Stores 300 Matter Capacity 300 Sight Range 18 Terrain Scan Density 10 Evasion (%) 44 Item Schematics ----------------- None Robot Schematics ------------------ None Fabricated ------------ Nothing Alien Tech Used ----------------- None Achievements -------------- None Challenges ------------ None Game ------ Seed SpikedImpulseTrident Manual? 0 Play Time 00:06:50 Cumulative 76.0 hours Start 2024.08.22 @ 08:50:30 End 2024.08.22 @ 08:55:01 Sessions 1 Manual Loads 0 Difficulty Rogue Special Mode None Game No. 61 Rogue 61 Adventurer 0 Explorer 0 Win Type - Total 1 Types 1/0/0/0/0/0/0/0/0 Lore% 36 Gallery% 50 Achievement% 41 Wizard Run 0 Options --------- Layout 1 ASCII 0 Keyboard 0 Movement Numpad Keybinds 0 Fullscreen 1 Font 24/Smallcaps Map View 50x35 Zoom Use 0% Tactical HUD 1 Map Filters NONE Filters NONE Steam 1 RUN: a618048d-0284-43e3-9b10-5b6d8bc271fb